 Dungeon Crawl Stone Soup version 0.30-a0-1093-gcfb1e0cf12 (webtiles) character file.

Game seed: 10344866124289622962

324 KristoblXynda the Ducker (level 6, -8/32 HPs)
             Began as a Spriggan Berserker on Apr 17, 2023.
             Was a Priest of Trog.
             Killed from afar by Dowan (21 damage)
             ... with a shard of ice
             ... on level 4 of the Dungeon.
             The game lasted 00:03:33 (2991 turns).

KristoblXynda the Ducker (Spriggan Berserker)       Turns: 2991, Time: 00:03:34

Health: -8/32      AC:  3    Str: 13    XL:     6   Next: 23%
Magic:  7/7        EV: 21    Int: 11    God:    Trog [***...]
Gold:   206        SH:  0    Dex: 20    Spells: 5/5 levels left

rFire   . . .      SeeInvis +    a - +1 dagger (venom)
rCold   . . .      Faith    .    (no shield)
rNeg    . . .      Spirit   .    b - +0 animal skin
rPois   .          Reflect  .    (helmet restricted)
rElec   .          Rampage  .    j - +0 cloak
rCorr   .                        (gloves unavailable)
Will    +....                    (boots unavailable)
Stlth   +++                      (no amulet)
HPRegen 0.25/turn                k - +6 ring of dexterity
MPRegen 0.10/turn                (no ring)

@: very quick
A: very small, no large weapons, unfitting armour, see invisible, speed 3
a: Renounce Religion, Berserk, Trog's Hand


You were on level 4 of the Dungeon.
You worshipped Trog.
Trog was most pleased with you.
You visited 1 branch of the dungeon, and saw 4 of its levels.

You collected 206 gold pieces.

Inventory:

Hand Weapons
 a - a +1 dagger of venom (weapon)
Armour
 b - a +0 animal skin (worn)
 j - a +0 cloak (worn)
Jewellery
 k - a +6 ring of dexterity (left hand)
Scrolls
 c - a scroll of identify {unknown}
 d - a scroll of enchant weapon {unknown}
 f - 2 scrolls of brand weapon {unknown}
 g - a scroll of fog {unknown}
 h - a scroll of butterflies {unknown}
 i - 2 scrolls of vulnerability {unknown}
 o - a scroll of silence {unknown}
Potions
 e - a potion of might {unknown}
 l - a potion of invisibility {unknown}
 m - a potion of haste {unknown}
 n - a potion of flight {unknown}


   Skills:
 + Level 3.5 Fighting
 + Level 4.7 Short Blades
 + Level 5.7 Dodging
 + Level 4.8 Stealth


You had 5 spell levels left.
You didn't know any spells.
Your spell library contained the following spells:

 Spells                   Type           Power      Damage    Failure   Level
 Apportation              Tloc           0%         N/A       34%         1
 Necrotise                Necr           0%         1d4       34%         1
 Summon Small Mammal      Summ           0%         N/A       34%         1


Dungeon Overview and Level Annotations

Branches:
Dungeon (4/15)
 Temple: D:4-7

Altars:

Annotations:
D:4 Dowan


Innate Abilities, Weirdness & Mutations

You are very small and have problems with some larger weapons.
You are too small for most types of armour.
You have supernaturally acute eyesight. (SInv)
You cover ground extremely quickly. (Speed+++)


Message History

The gnoll hits you from afar with a +0 spear.
Duvessa misses you.
You closely miss Duvessa.
Duvessa is moderately wounded.
Your skin stops crawling.
You feel less strong-willed.
You hit Duvessa but do no damage.
Duvessa looks as sick as possible!
Duvessa is moderately wounded.
The gnoll barely misses you. Duvessa completely misses you.
You hit Duvessa but do no damage.
Duvessa is heavily wounded.
You hear a shout!
Duvessa closely misses you.
You hit Duvessa but do no damage.
Duvessa looks as sick as possible!
Duvessa is heavily wounded.
You hit Duvessa but do no damage.
Duvessa looks as sick as possible!
Duvessa is heavily wounded.
The gnoll closely misses you. Duvessa closely misses you.
You closely miss Duvessa.
Duvessa is severely wounded.
Duvessa misses you.
The gnoll hits you from afar with a +0 spear!
You closely miss Duvessa.
Duvessa is severely wounded.
The gnoll hits you but does no damage. Duvessa completely misses you.
Found 6 stones.
You kill Duvessa!
Trog accepts your kill.
You hear a distant wail of despair.
You have reached level 6!
The gnoll misses you. The gnoll completely misses you.
Things that are here:
a +0 short sword of protection; a +0 ring mail; a clear potion You hit the gnoll.
The gnoll is poisoned.
The gnoll is moderately wounded.
Dowan seems to find hidden reserves of power!
Dowan casts a spell at you. The shard of ice hits you!!
Ouch! That really hurt!
You die...

.#.#.#.#.#.#.##........
.#.#.#.#.#.#.#...e.##.#.
.#.#.#.#.#.#.#.#.g..#
(#.#.#.#.#.#.#)#..##.#
.....#.#.#.#.#.#.#.......
#...#.#.#.#.#)#.#..##.....
.....#.#.#.#.#.#.#.# ###.#
.#.#.#(#.#e#g#)#.#..# .
.#.#.#.#.#.#@#.#.#.#...
#.#.#.#.#.#.#.#.#.#......
#.#.#.#.#.#.#.#.#.#.....
..#.#.#.#.#.#.#.#..<... #
....#.#.#.#.#.#.#..... ...
.. ♣.#.#.#.#.#.#.#.#...
..g ..♣
♣..#.#.#.#.#.#.##... .)..
#.♣♣ ♣.#.#.#.#.#.#.#.#..#
.g. ..^♣
♣♣..#.#.#.#.#.#.#...#g..#


You could see Dowan (fast) and a gnoll (very poisoned).

Vanquished Creatures
  Duvessa (D:4)
  An orc priest (D:3)
  Crazy Yiuf (D:2)
  3 gnolls (D:4)
  6 adders
  2 worms (D:2)
  A dart slug (D:3)
  4 orcs (D:3)
  7 endoplasms
  A giant cockroach (D:1)
  7 goblins
  13 hobgoblins
  10 kobolds
  3 quokkas
  6 ball pythons
  4 bats
  3 frilled lizards
  4 rats
77 creatures vanquished.

Vanquished Creatures (others)
  A fungus (D:2)
1 creature vanquished.

Grand Total: 78 creatures vanquished

Notes
Turn   | Place    | Note
-------+----------+-------------------------------------------
     0 | D:1      | KristoblXynda the Spriggan Berserker began the quest for
                  | the Orb.
     0 | D:1      | Reached XP level 1. HP: 11/11 MP: 2/2
    99 | D:1      | Reached skill level 1 in Stealth
   118 | D:1      | Reached XP level 2. HP: 16/16 MP: 3/3
   774 | D:1      | Reached ** piety under Trog
   844 | D:1      | Reached XP level 3. HP: 16/19 MP: 4/4
  1586 | D:2      | Found a runed translucent door.
  1587 | D:2      | Noticed Crazy Yiuf
  1687 | D:2      | Found a faded altar of an unknown god.
  1720 | D:2      | Reached XP level 4. HP: 23/23 MP: 5/5
  1889 | D:2      | Killed Crazy Yiuf
  2111 | D:3      | Reached skill level 5 in Dodging
  2130 | D:3      | Reached XP level 5. HP: 12/28 MP: 6/6
  2812 | D:4      | Reached *** piety under Trog
  2932 | D:4      | Noticed Duvessa
  2935 | D:4      | Noticed Dowan
  2987 | D:4      | Killed Duvessa
  2988 | D:4      | Reached XP level 6. HP: 12/32 MP: 7/7
  2991 | D:4      | Killed from afar by Dowan

Illustrated notes

Levels and vault maps discovered:
D:1:      erik_arrival_blinker_ship, layout_basic
D:2:      layout_loops_ring, hellmonk_ecumenical_altar_heavens_door,
          chequers_mini_garden, uniq_crazy_yiuf_cottage
D:3:      layout_loops_ring
D:4:      layout_basic, minmay_temple_entry_statues, kennysheep_cluttered_room,
          nrook_campfire, minmay_ogre_servants, uniq_natasha, uniq_eustachio,
          uniq_duvessa

Skill      XL: |  1  2  3  4  5 |
---------------+----------------+-----
Stealth        | 1 2 3 4 |  4.8
Fighting       | 3 |  3.5
Short Blades   | 4 |  4.7
Dodging        | 5 |  5.7

Action                     |  1- 3 |  4- 6 || total
---------------------------+-------+-------++-------
  Melee: Dagger            |   126 |   115 ||   241
         Punch             |     3 |     1 ||     4
 Invoke: Berserk           |     1 |     1 ||     2
         Trog's Hand       |       |     1 ||     1
   Stab: Sleeping          |     4 |     5 ||     9
 Armour: Animal skin       |     5 |    10 ||    15
  Dodge: Dodged            |    81 |    98 ||   179

Table legend: (Time is in decaauts)
 A = Elapsed time spent in this place.
 B = Non-inter-level travel time spent in this place.
 C = Inter-level travel time spent in this place.
 D = Time resting spent in this place.
 E = Time spent auto-exploring this place.
 F = Levels seen in this place.
 G = Mean time per level.
                   A        B        C        D        E       F      G
               +--------+--------+--------+--------+--------+-----+--------+
         Total |   2046 |   1962 |     84 |    318 |   1207 |   4 |  511.5 |
       Dungeon |   2046 |   1962 |     84 |    318 |   1207 |   4 |  511.5 |
               +--------+--------+--------+--------+--------+-----+--------+

Top non-repeatable levels by time:
     D:1: 676 daAuts
     D:2: 644 daAuts
     D:3: 627 daAuts
     D:4: 97 daAuts
